 Dungeon Crawl Stone Soup version 0.28.0-45-g0d030f2227 (webtiles) character file.

Game seed: 1903263623252198067

608 Kangaroobicon the Chopper (level 7, -4/61 HPs)
             Began as a Hill Orc Fighter on Apr 13, 2022.
             Slain by an ogre
             ... wielding a +0 giant club
              (12 damage)
             ... on level 5 of the Dungeon.
             The game lasted 00:35:23 (3606 turns).

Kangaroobicon the Chopper (Hill Orc Fighter)        Turns: 3606, Time: 00:35:26

Health: -4/61      AC: 12    Str: 19    XL:     7   Next: 43%
Magic:  7/7        EV:  7    Int:  8    God:
Gold:   208        SH:  5    Dex: 12    Spells: 6/6 levels left

rFire   . . .      SeeInvis +   a - +0 war axe
rCold   . . .      Faith    .   c - +0 buckler
rNeg    . . .      Spirit   .   u - +0 chain mail
rPois   .          Reflect  .   w - +0 helmet
rElec   .          Harm     .   o - +0 cloak
rCorr   .          Rampage  .   (no gloves)
Will    .....                   (no boots)
Stlth   ..........              (no amulet)
HPRegen 0.20/turn               b - ring of see invisible
MPRegen 0.10/turn               (no ring)

@: no status effects
A: no striking features
a: no special abilities


You were on level 5 of the Dungeon.
You visited 1 branch of the dungeon, and saw 5 of its levels.
You also visited: Ossuary.

You collected 208 gold pieces.

Inventory:

Hand Weapons
 a - a +0 war axe (weapon)
 n - a +3 quarterstaff of chaos
 s - a +0 hunting sling
Missiles
 e - 34 bolts
 l - 58 arrows
 p - 174 stones (quivered)
Armour
 c - a +0 buckler (worn)
 o - a +0 cloak (worn)
 u - a +0 chain mail (worn)
 w - a +0 helmet (worn)
Jewellery
 b - a ring of see invisible (left hand)
Wands
 r - a wand of acid (5)
 v - a wand of flame (19)
Scrolls
 d - 2 scrolls of brand weapon
 g - a scroll of immolation {unknown}
 i - 2 scrolls of enchant armour
 j - a scroll of fog {unknown}
 x - 2 scrolls of enchant weapon {unknown}
 y - a scroll of magic mapping {unknown}
Potions
 f - a potion of heal wounds
 h - 4 potions of lignification
 m - a potion of flight {unknown}
 t - a potion of attraction {unknown}
 z - a potion of curing {unknown}
 A - a potion of brilliance {unknown}
 B - a potion of cancellation {unknown}
 C - a potion of ambrosia {unknown}


   Skills:
 + Level 5.3 Fighting
 + Level 7.5 Axes
 + Level 4.9 Armour
 + Level 1.1 Dodging
 + Level 0.3 Stealth
 + Level 4.1 Shields
 + Level 0.1 Evocations


You had 6 spell levels left.
You didn't know any spells.
Your spell library contained the following spells:

 Spells                   Type           Power      Damage    Failure   Level
 Animate Skeleton         Necr           0%         N/A       99%         1
 Apportation              Tloc           0%         N/A       99%         1
 Summon Small Mammal      Summ           0%         N/A       99%         1


Dungeon Overview and Level Annotations

Branches:
Dungeon (5/15)            Ossuary (visited)
 Temple: D:4-7

Altars:
The Shining One

Shops:
D:4 *


Message History

The ogre hits you with a +0 giant club!
You hit the phantom.
The phantom is lightly damaged.
You hit the ogre. The phantom hits you.
* * * LOW HITPOINT WARNING * * *
The ogre hits you with a +0 giant club!
* * * LOW HITPOINT WARNING * * *
You feel much better.
The phantom hits you but does no damage.
The ogre closely misses you.
You closely miss the phantom.
The phantom is lightly damaged.
You hit the ogre. The phantom hits you.
The phantom blinks!
You blink.
A phantom comes into view.
You closely miss the phantom.
The phantom is lightly damaged.
The phantom hits you but does no damage.
The phantom hits you!
* * * LOW HITPOINT WARNING * * *
You feel much better. The phantom closely misses you.
You hit the phantom but do no damage.
The phantom is lightly damaged.
You block the phantom's attack.
You slash the phantom!
The phantom is moderately damaged.
The phantom hits you but does no damage.
You closely miss the phantom.
The phantom is moderately damaged.
You hit the ogre but do no damage.
The ogre hits you with a +0 giant club!!
* * * LOW HITPOINT WARNING * * *
You block the phantom's attack.
You closely miss the phantom.
The phantom is moderately damaged.
You hit the ogre. You miss the phantom. The phantom hits you.
* * * LOW HITPOINT WARNING * * *
The phantom hits you.
* * * LOW HITPOINT WARNING * * *
The ogre hits you with a +0 giant club!
You die...

#..#####.##.# .###.
........#
.....##.......##
............. .##
......#....##...## #
.........<.......#.##
.......)....##.......
............W........
.......†....O@W..#
..............#..#
.............## ....
.............# ....
.##........#..# ...
#........#... ..
.....#....... . #..
##


You could see 2 phantoms and an ogre.

Vanquished Creatures
  A bullfrog (D:3)
  2 centaur zombies (Ossuary)
  A human zombie (Ossuary)
  Crazy Yiuf (D:2)
  A bullfrog skeleton (D:4)
  A hound (D:5)
  Terence (D:3)
  Natasha (thrice) (D:2)
  2 orc wizards (D:4)
  2 mummies (Ossuary)
  Robin (D:3)
  A gnoll (D:1)
  4 adders
  2 worms
  3 dart slugs
  7 orcs
  7 ball pythons
  11 bats
  10 endoplasms
  4 giant cockroaches
  A gnoll zombie (Ossuary)
  15 goblins
  10 hobgoblins
  3 jackals (D:4)
  2 quokkas
  5 frilled lizards (D:1)
  A goblin zombie (Ossuary)
  A hobgoblin zombie (Ossuary)
  4 kobolds
  A kobold zombie (Ossuary)
  An orc zombie (Ossuary)
  5 rats
114 creatures vanquished.

Vanquished Creatures (others)
  A fungus (D:1)
  5 plants
6 creatures vanquished.

Grand Total: 120 creatures vanquished

Notes
Turn   | Place    | Note
-------+----------+-------------------------------------------
     0 | D:1      | Kangaroobicon the Hill Orc Fighter began the quest for the
                  | Orb.
     0 | D:1      | Reached XP level 1. HP: 19/19 MP: 1/1
    35 | D:1      | Reached XP level 2. HP: 27/27 MP: 2/2
   268 | D:1      | Reached skill level 3 in Axes
   278 | D:1      | Found a faded altar of an unknown god.
   299 | D:1      | Reached XP level 3. HP: 28/33 MP: 3/3
   829 | D:2      | Reached XP level 4. HP: 38/41 MP: 4/4
   864 | D:2      | Found a runed translucent door.
   865 | D:2      | Noticed Crazy Yiuf
   871 | D:2      | Killed Crazy Yiuf
   872 | D:2      | Reached skill level 4 in Axes
  1088 | D:2      | Noticed Natasha
  1099 | D:2      | Killed Natasha
  1100 | D:2      | Reached XP level 5. HP: 32/47 MP: 5/5
  1362 | D:2      | Noticed Natasha
  1371 | D:2      | Killed Natasha
  1489 | D:2      | Noticed Natasha
  1505 | D:2      | Killed Natasha
  1506 | D:2      | Reached skill level 5 in Axes
  1614 | D:3      | Noticed Terence
  1626 | D:3      | Killed Terence
  1640 | D:3      | Reached skill level 1 in Dodging
  1640 | D:3      | Reached XP level 6. HP: 39/55 MP: 6/6
  1935 | D:3      | Reached skill level 5 in Fighting
  1948 | D:3      | Noticed Robin
  1958 | D:3      | Killed Robin
  2145 | D:3      | Found a glowing golden altar of the Shining One.
  2292 | D:4      | Reached skill level 6 in Axes
  2630 | D:4      | Reached XP level 7. HP: 59/61 MP: 7/7
  2697 | D:4      | Found a sand-covered staircase.
  2705 | Ossuary  | Entered an ossuary
  2881 | Ossuary  | Reached skill level 7 in Axes
  3270 | D:4      | Found Xoeredyo's Elemental Accessories.
  3585 | D:5      | Entered Level 5 of the Dungeon
  3606 | D:5      | Slain by an ogre

Illustrated notes

Levels and vault maps discovered:
D:1:      minmay_arrival_open_corners, layout_loops_ring,
          shapermc_ecumenical_altar_petra
D:2:      layout_rooms, uniq_crazy_yiuf_cottage, uniq_natasha
D:3:      layout_loops_ring, general_overflow_altar, minmay_three_crescents,
          uniq_terence, uniq_robin
D:4:      layout_basic, serial_co_window_serial, co_window_corner_a,
          co_window_corner_a, co_window_paths_a, co_window_corner_a,
          co_window_of_opportunity_a, co_window_of_opportunity_a,
          co_window_paths_a, co_window_2corner, co_window_2corner,
          co_window_broadway_a, co_window_broadway_c, co_window_2corner,
          co_window_corner_b, co_window_broadway_b, glass_columns_c,
          nicolae_ossuary_entry_plus, nicolae_elemental_shop
D:5:      layout_cave_pools, mainiacjoe_overflow_small_starburst,
          mainiacjoe_overflow_alcove_4, nicolae_elyvilon_peaceful_grove,
          minmay_temple_entry_glass

Skill      XL: |  1  2  3  4  5  6  7 |
---------------+----------------------+-----
Fighting       | 4 5 |  5.3
Axes           | 3 4 5 6 7 |  7.5
Armour         | 4 |  4.9
Dodging        | 1 |  1.1
Shields        | 4 |  4.1
Stealth        | |  0.3
Evocations     | |  0.1

Action                   |  1- 3 |  4- 6 |  7- 9 || total
-------------------------+-------+-------+-------++-------
Melee: War axe           |    99 |   183 |    78 ||   360
Evoke: Wand              |       |     2 |       ||     2
  Use: Potion            |       |     1 |     2 ||     3
       Scroll            |       |       |     4 ||     4
Armor: Scale mail        |    49 |    51 |       ||   100
       Chain mail        |       |    57 |    43 ||   100
Dodge: Dodged            |    53 |    77 |    23 ||   153
Block: Buckler           |    21 |    43 |    21 ||    85
